 Dungeon Crawl Stone Soup version 0.28.0-45-g0d030f2227 (webtiles) character file.

Game seed: 16198408910432774124

3469 sking99 the Fighter (level 10, -3/106 HPs)
             Began as an Ogre Summoner on May 23, 2022.
             Slain by a yak (14 damage)
             ... on level 7 of the Dungeon.
             The game lasted 00:21:17 (8117 turns).

sking99 the Fighter (Ogre Summoner)                 Turns: 8117, Time: 00:21:17

Health: -3/106     AC:  3    Str: 14    XL:     10   Next: 6%
Magic:  6/16       EV: 14    Int: 26    God:
Gold:   290        SH:  0    Dex:  9    Spells: 8/17 levels left

rFire   . . .      SeeInvis .   b - +2 dagger (freeze)
rCold   . . .      Faith    .   (no shield)
rNeg    . . .      Spirit   .   a - +0 robe
rPois   .          Reflect  .   (helmet restricted)
rElec   .          Harm     .   (no cloak)
rCorr   .          Rampage  .   (gloves unavailable)
Will    +....                   (boots unavailable)
Stlth   +.........              (no amulet)
HPRegen 0.27/turn               d - +6 ring of intelligence
MPRegen 0.15/turn               m - +4 ring of evasion

@: no status effects
A: large, unfitting armour, tough skin 1
a: no special abilities


You were on level 7 of the Dungeon.
You visited 1 branch of the dungeon, and saw 7 of its levels.

You collected 290 gold pieces.

Inventory:

Hand Weapons
 b - a +2 dagger of freezing (weapon)
 g - a +0 dagger of venom
Armour
 a - a +0 robe (worn)
Jewellery
 d - a +6 ring of intelligence (left hand)
 j - a ring of ice
 m - a +4 ring of evasion (right hand)
 n - a ring of magical power
 r - a ring of ice
Wands
 q - a wand of flame (17)
Scrolls
 h - 3 scrolls of teleportation
 s - a scroll of fog {unknown}
 t - 2 scrolls of vulnerability {unknown}
 u - a scroll of identify
 v - a scroll of blinking {unknown}
Potions
 c - 5 potions of curing
 e - a potion of cancellation {unknown}
 f - 2 potions of degeneration
 i - 2 potions of heal wounds {unknown}
 k - 3 potions of might
 l - 5 potions of haste
 o - 3 potions of attraction {unknown}
 p - a potion of brilliance {unknown}


   Skills:
 + Level 8.6 Fighting
 + Level 4.3 Dodging
 - Level 1.4 Stealth
 - Level 4.4 Spellcasting
 + Level 7.9 Summonings
 * Level 7.2 Air Magic


You had 8 spell levels left.
You knew the following spells:

 Your Spells              Type           Power      Damage    Failure   Level
a - Summon Lightning Spi  Summ/Air       45%        N/A       3%          4
b - Call Imp              Summ           46%        N/A       1%          2
c - Call Canine Familiar  Summ           46%        N/A       1%          3

Your spell library contained the following spells:

 Spells                   Type           Power      Damage    Failure   Level
 Shock                    Conj/Air       96%        1d9       1%          1
 Summon Small Mammal      Summ           100%       N/A       1%          1
 Swiftness                Air            43%        N/A       1%          3
 Summon Guardian Golem    Hex/Summ       26%        N/A       4%          3
 Airstrike                Air            21%        N/A       4%          4
 Beastly Appendage        Tmut           10%        N/A       9%          1
 Wereblood                Tmut           5%         N/A       12%         2
 Spider Form              Tmut/Pois      5%         N/A       24%         3
 Tukima's Dance           Hex            5%         N/A       24%         3
 Anguish                  Hex/Necr       2%         N/A       63%         4
 Enfeeble                 Hex            2%         N/A       100%        7


Dungeon Overview and Level Annotations

Branches:
Dungeon (7/15)             Temple (0/1) D:7

Altars:
Hepliaklqana
Beogh

Shops:
D:4 [   D:5 *

Annotations:
D:3 4 runed translucent doors, Crazy Yiuf; zielscheibe's ghost, amateur OpTm


Innate Abilities, Weirdness & Mutations

You are too large for most types of armour.
You have tough skin. (AC +1)


Message History

You feel a bit more experienced. The yak gores your white imp!
Your white imp dies!
Your white imp disappears in a puff of smoke!
Your Air Magic skill increases to level 7!
You have reached level 10!
Casting: Summon Lightning Spire (dangerous; 3% risk of failure)
Confirm with . or Enter, or press ? or * to list all spells.
The yak completely misses your wolf.
The centaur shoots an arrow.
The arrow hits you! The yak gores you!
* * * LOW HITPOINT WARNING * * *
You hear a shout!
Unknown command. 2 kobolds come into view.
The kobold shouts! x2; You hear a shout!
The centaur shoots an arrow.
The arrow hits you!
* * * LOW HITPOINT WARNING * * *
Your wolf barely misses the yak.
The yak gores you!
* * * LOW HITPOINT WARNING * * *
The centaur shoots an arrow.
The arrow barely misses you.
Your lightning spire shoots out a bolt of lightning at the yak!
The bolt of electricity hits the yak!
A kobold comes into view.
It is wielding a +0 club and quivering poisoned darts.
A kobold comes into view.
It is wielding a +0 dagger and quivering poisoned darts.
A kobold comes into view.
It is wielding a +0 whip and quivering poisoned darts.
Your wolf bites the yak. x2
A kobold brigand comes into view.
It is wielding a +0 short sword and quivering poisoned darts.
Your lightning spire shoots out a bolt of lightning at the yak!
The bolt of electricity hits the yak!
Casting: Call Canine Familiar (safe; 1% risk of failure)
Confirm with . or Enter, or press ? or * to list all spells.
A beastly little devil appears in a puff of flame.
The kobold shouts!
The centaur unwields a +0 shortbow.
The centaur hits you but does no damage.
The centaur kicks you.
* * * LOW HITPOINT WARNING * * *
Your wolf bites the yak!
The yak dies!
The yak gores you!
You die... ... ##.............## .K.KK

##.............. ...K.
#.......##..... ....
###.....###..... .
..K###.8.....####....
... ##K....h............
....#.......≈≈≈≈≈.......
#......Y.≈≈≈≈≈≈≈≈≈.....
##..#c@≈≈≈≈≈≈≈≈≈≈≈≈≈...
#5≈≈≈≈≈≈...≈≈≈≈≈≈..
#.≈≈≈≈≈≈.>.≈≈≈≈≈≈..
#.≈≈≈≈≈≈...≈≈≈≈≈≈..
#.≈≈≈≈≈≈≈≈≈≈≈≈≈≈≈..
...≈≈≈≈≈≈≈≈≈≈≈≈≈.[.
......≈≈≈≈≈≈≈ ≈.....
........≈≈≈ ..... ...#


You could see a yak, a kobold brigand, a centaur (ally target), 4 kobolds, a
friendly wolf (summoned), a friendly lightning spire (summoned) and a friendly
crimson imp (summoned).

Vanquished Creatures
  An ice beast (D:6)
  An ogre (D:5)
  A bullfrog (D:6)
  2 scorpions (D:5)
  A wight (D:6)
  An iguana (D:4)
  Natasha (D:2)
  3 gnolls (D:6)
  2 adders
  A dart slug (D:1)
  An orc (D:4)
  7 ball pythons
  6 endoplasms
  A giant cockroach (D:1)
  2 goblins (D:1)
  4 hobgoblins
  7 jackals
  2 quokkas (D:1)
  5 bats
  3 kobolds
52 creatures vanquished.

Vanquished Creatures (collateral kills)
  A centaur zombie (D:6)
  Sigmund (D:2)
  2 yaks (D:7)
  A wraith (D:6)
  4 vampire mosquitoes (D:6)
  An orc warrior (D:6)
  An ice beast (D:6)
  2 sky beasts
  A phantom (D:4)
  A bullfrog (D:7)
  2 scorpions
  A water moccasin skeleton (D:6)
  7 wights
  2 centaur skeletons
  A hound (D:4)
  A jelly (D:4)
  Jessica (D:3)
  2 gnoll shamans (D:6)
  An iguana (D:5)
  An orc wizard (D:6)
  Natasha (D:2)
  A gnoll (D:6)
  A howler monkey skeleton (D:5)
  8 adders
  A shadow imp (D:6)
  An adder skeleton (D:4)
  A dart slug (D:4)
  15 orcs
  3 ball pythons
  A bat (D:2)
  8 endoplasms
  2 giant cockroaches
  4 goblins
  3 hobgoblins
  8 jackals
  2 quokkas
  5 frilled lizards
  7 kobolds
  2 rats (D:1)
108 creatures vanquished.

Vanquished Creatures (others)
  An unseen horror (D:7)
  6 fungi (D:1)
  23 plants
30 creatures vanquished.

Grand Total: 190 creatures vanquished

Notes
Turn   | Place    | Note
-------+----------+-------------------------------------------
     0 | D:1      | sking99 the Ogre Summoner began the quest for the Orb.
     0 | D:1      | Reached XP level 1. HP: 16/16 MP: 3/3
   387 | D:1      | Found a faded altar of an unknown god.
   404 | D:1      | Reached skill level 1 in Fighting
   404 | D:1      | Reached XP level 2. HP: 27/27 MP: 3/5
   560 | D:1      | Reached XP level 3. HP: 31/33 MP: 2/7
   649 | D:1      | Learned a level 2 spell: Call Imp
   653 | D:1      | Learned a level 3 spell: Call Canine Familiar
  1351 | D:2      | You fall into a shaft and drop 1 floor!
  1351 | D:3      | Noticed Jessica
  1356 | D:3      | Killed Jessica
  1357 | D:3      | Reached skill level 2 in Fighting
  1357 | D:3      | Reached XP level 4. HP: 42/42 MP: 1/8
  2003 | D:3      | Found a runed translucent gate.
  2004 | D:3      | Found a runed translucent gate.
  2005 | D:3      | Found a runed translucent gate.
  2006 | D:3      | Noticed zielscheibe's ghost (amateur OpTm)
  2008 | D:3      | Identified the +1 scale mail of Ru's Favour {rN+ Will+
                  | Regen+ Int+3}
  2230 | D:2      | Reached XP level 5. HP: 50/50 MP: 10/10
  2505 | D:2      | Noticed Sigmund
  2540 | D:2      | Killed Sigmund
  2541 | D:2      | Reached skill level 3 in Fighting
  2541 | D:2      | Reached skill level 5 in Summonings
  2541 | D:2      | Reached XP level 6. HP: 23/62 MP: 6/12
  2799 | D:2      | Noticed Natasha
  2805 | D:2      | Killed Natasha
  3166 | D:2      | Reached skill level 4 in Fighting
  3238 | D:2      | Noticed Natasha
  3248 | D:2      | Killed Natasha
  3414 | D:3      | Found a runed translucent door.
  3415 | D:3      | Noticed Crazy Yiuf
  4122 | D:4      | Reached XP level 7. HP: 66/71 MP: 9/13
  4137 | D:4      | Learned a level 4 spell: Summon Lightning Spire
  4316 | D:4      | Reached skill level 1 in Air Magic
  4426 | D:4      | Found Hadad-Baal's Dragon-Slaying Spoils.
  4734 | D:5      | Entered Level 5 of the Dungeon
  4810 | D:5      | Reached skill level 5 in Fighting
  5254 | D:5      | Found a hazy altar of Hepliaklqana.
  5316 | D:5      | Found Baypliut's Assorted Antiques.
  5348 | D:5      | Reached XP level 8. HP: 81/81 MP: 11/14
  5977 | D:6      | Reached skill level 6 in Fighting
  6253 | D:6      | Reached skill level 5 in Air Magic
  6434 | D:6      | Reached XP level 9. HP: 90/92 MP: 8/15
  6542 | D:6      | Reached skill level 7 in Fighting
  7301 | D:6      | Reached skill level 8 in Fighting
  8068 | D:7      | Found a staircase to the Ecumenical Temple.
  8113 | D:7      | Killed an unseen horror
  8114 | D:7      | Reached XP level 10. HP: 47/106 MP: 10/16
  8117 | D:7      | Slain by a yak

Illustrated notes

Levels and vault maps discovered:
D:1:      dpeg_arrival_tiny_d, layout_basic,
          shapermc_ecumenical_altar_mp_urbaneastern, kennysheep_nondescript
D:2:      wad_river_or_something, layout_basic, uniq_natasha, uniq_sigmund
D:3:      layout_basic, biasface_ghost_orc_armoury, kennysheep_jessica_study,
          uniq_crazy_yiuf_cottage
D:4:      layout_rooms, nicolae_shop_dragon_depot
D:5:      layout_basic, mainiacjoe_overflow_six_doors_small, serial_shops, shop,
          corexii_leaking_fountain
D:6:      layout_loops_ring, minivault_19, nicolae_grassy_gnolls
D:7:      layout_cave_pods, temple_pool_b

Skill      XL: |  1  2  3  4  5  6  7  8  9 |
---------------+----------------------------+-----
Fighting       | 1 2 3 4 5 6 8 |  8.6
Summonings     | 4 5 6 7 |  7.9
Spellcasting   | 3 4 |  4.4
Air Magic      | 2 5 7 |  7.2
Dodging        | 2 4 |  4.3
Stealth        | |  1.4

Action                   |  1- 3 |  4- 6 |  7- 9 | 10-12 || total
-------------------------+-------+-------+-------+-------++-------
Melee: Unarmed           |     9 |       |       |       ||     9
       Dagger            |    43 |    66 |   132 |       ||   241
       Punch             |       |     1 |     1 |       ||     2
 Cast: Summon Small Mamm |    26 |    14 |       |       ||    40
       Call Imp          |     6 |    19 |    26 |     1 ||    52
       Call Canine Famil |     3 |    18 |    30 |     1 ||    52
       Summon Lightning  |       |       |    12 |       ||    12
  Use: Scroll            |       |     6 |       |       ||     6
 Stab: Sleeping          |     1 |     2 |       |       ||     3
       Distracted        |       |       |     3 |       ||     3
Armor: Robe              |    16 |    15 |    26 |     1 ||    58
Dodge: Dodged            |    18 |    55 |    87 |     1 ||   161
